Map: Deathaura LE

Players

MarineLorD

  • Race: Terran Terran
  • League: Master
  • Spawn Location: 5:00

HeroMarine - Winner!

  • Race: Terran Terran
  • League: Master
  • Spawn Location: 11:00

Event: DreamHack SC2 Masters 2020 Fall

VOD

Have the link to the VOD?

Description

Time

  • Played on: Sept. 6, 2020, 1:57 p.m.
  • Length: 11:50

All games in this series

Show
View Real Time Build Order
Export as new Build Order

MarineLorD Terran 

Build Orders:  

Get SALT Encoding   

  12  0:00  SCV  
  13  0:12  SCV  
  14  0:17  Supply Depot  
  14  0:24  SCV  
  15  0:29  Refinery  
  15  0:38  SCV  
  16  0:44  Barracks  
  16  0:50  SCV  
  16  0:55  Refinery  
  17  1:02  SCV  
  18  1:14  SCV  
  19  1:31  Reaper, Orbital Command  
  20  1:35  Factory  
  20  1:44  Supply Depot  
  20  1:56  SCV  
  21  2:03  Reaper  
  23  2:08  SCV  
  23  2:18  Hellion  
  23  2:20  SCV  
  26  2:31  Command Center  
  26  2:33  SCV  
  26  2:37  Reaper  
  26  2:40  Hellion  
  29  2:45  Supply Depot  
  29  2:46  SCV  
  30  2:55  Starport  
  30  2:59  SCV  
  30  3:04  Factory Tech Lab  
  31  3:10  Barracks Tech Lab  
  31  3:11  SCV  
  32  3:22  Refinery  
  32  3:23  SCV, Cyclone  
  36  3:32  Refinery  
  36  3:35  SCV  
  37  3:42  Barracks Reactor, Raven  
  37  3:45  Orbital Command  
  37  3:47  SCV  
  40  3:55  Cyclone  
  40  4:01  SCV  
  44  4:06  Starport  
  44  4:10  SCV  
  44  4:13  SCV  
  46  4:19  Supply Depot  
  46  4:22  SCV  
  47  4:25  SCV  
  47  4:26  Raven  
  50  4:34  SCV  
  50  4:37  SCV  
  50  4:38  Hellion  
  54  4:41  Hellion  
  54  4:42  Supply Depot  
  54  4:45  Starport Tech Lab  
  56  4:47  SCV  
  56  4:49  SCV  
  56  4:51  Supply Depot  
  58  4:59  SCV  
  59  5:02  SCV  
  59  5:04  Hellion  
  59  5:05  Hellion  
  64  5:08  Raven  
  64  5:09  Raven  
  64  5:11  SCV  
  69  5:14  Supply Depot  
  69  5:17  SCV  
  70  5:23  SCV  
  70  5:25  Marine  
  70  5:26  Hellion  
  70  5:27  Hellion, Stimpack  
  76  5:29  SCV  
  77  5:35  SCV  
  77  5:41  SCV  
  77  5:42  Supply Depot  
  79  5:47  Hellion  
  79  5:48  SCV  
  79  5:49  Supply Depot  
  85  5:51  Raven  
  85  5:53  Supply Depot  
  86  5:57  Supply Depot  
  86  5:59  Raven  
  86  6:03  SCV x2  
  88  6:09  Marine  
  88  6:10  Supply Depot  
  89  6:15  Factory Reactor  
  89  6:16  SCV  
  90  6:20  Command Center  
  90  6:22  Barracks  
  90  6:24  SCV  
  91  6:26  Barracks  
  91  6:27  Marine  
  91  6:29  SCV  
  93  6:36  SCV  
  94  6:45  Raven  
  98  6:49  Marine  
  98  6:50  SCV x2  
  98  6:54  Engineering Bay  
  101  6:55  Engineering Bay  
  101  6:59  Supply Depot  
  99  7:03  SCV  
  99  7:06  SCV  
  101  7:08  Starport Reactor  
  101  7:16  SCV  
  101  7:18  SCV  
  103  7:28  SCV  
  103  7:29  Marine  
  101  7:33  Marine, Siege Tank  
  101  7:34  Marine  
  101  7:35  SCV  
  104  7:40  SCV  
  104  7:43  Marine  
  97  7:45  Terran Infantry Weapons Level 1, Terran Infantry Armor Level 1  
  97  7:49  Medivac x2  
  97  7:50  SCV  
  97  7:51  Barracks  
  102  7:52  Barracks x2  
  102  7:53  SCV  
  102  7:54  Orbital Command  
  102  7:56  Refinery x2  
  103  8:02  SCV, Starport Reactor  
  103  8:04  Marine  
  103  8:05  SCV, Marine x4  
  101  8:14  SCV  
  101  8:17  SCV  
  98  8:22  Marine x3  
  98  8:24  SCV  
  98  8:25  Viking x2  
  98  8:26  SCV  
  107  8:29  Marine x2  
  107  8:30  SCV  
  107  8:31  Combat Shield, Siege Tank  
  107  8:32  Command Center  
  113  8:39  Barracks Reactor x3  
  113  8:40  Marine x2  
  115  8:46  Marine  
  115  8:47  Marine x2, Sensor Tower  
  118  8:48  Viking x2  
  122  8:58  Viking, Marine x2  
  122  8:59  Viking, Supply Depot  
  122  9:01  Supply Depot  
  128  9:03  Siege Tank  
  128  9:04  Marine  
  128  9:05  Marine x2  
  134  9:14  Armory  
  134  9:16  Marine x2  
  135  9:17  Marine x3  
  135  9:18  Marine x2  
  135  9:21  Viking x2, Marine  
  135  9:22  Marine x2  
  147  9:25  Marine  
  147  9:28  Viking x2, Supply Depot  
  147  9:29  Supply Depot  
  152  9:33  Marine  
  152  9:34  Marine  
  152  9:35  Marine x2  
  152  9:36  Marine x2  
  158  9:42  Marine  
  159  9:47  Marine  
  159  9:48  Marine  
  161  9:52  Marine  
  161  9:53  Marine x3  
  161  9:56  Viking  
  161  9:59  Viking  
  169  10:09  Marine  
  170  10:17  Marine x2  
  170  10:19  Marine x8  
  172  10:21  Siege Tank  
  172  10:22  Viking  
  172  10:24  Medivac  
  172  10:26  Medivac  
  172  10:27  Marine  
  180  10:35  Marine x2  
  165  10:37  Marine  
  165  10:42  Marine  
  154  10:47  Marine x5  
  154  10:48  Marine  
  154  10:49  SCV x2  
  152  10:53  Siege Tank  
  152  10:56  Liberator x2  
  161  11:00  Fusion Core  
  161  11:01  SCV x2  
  163  11:05  Refinery  
  163  11:06  Refinery  
  163  11:10  SCV  
  164  11:13  SCV  
  168  11:19  SCV  
  168  11:22  Marine x2  
  168  11:23  Marine x2  
  168  11:25  Marine x2  
  174  11:27  Marine  
  174  11:29  Marine  
  174  11:30  Marine x2  
  174  11:31  Marine  
Show
View Real Time Build Order
Export as new Build Order

HeroMarine Terran - Winner!

Build Orders: Reaper Expand 

Get SALT Encoding   

  12  0:00  SCV  
  13  0:12  SCV  
  14  0:17  Supply Depot  
  14  0:24  SCV  
  15  0:39  SCV, Barracks  
  16  0:43  Refinery  
  16  0:51  SCV  
  17  1:03  SCV  
  18  1:15  SCV  
  19  1:27  Reaper  
  19  1:28  Orbital Command  
  20  1:42  Command Center  
  20  1:49  Supply Depot  
  20  1:53  SCV  
  21  1:58  Marine  
  22  2:05  SCV  
  23  2:08  Factory  
  23  2:16  Marine  
  23  2:18  SCV  
  23  2:20  Refinery  
  25  2:26  Bunker  
  25  2:30  SCV  
  25  2:35  Barracks Reactor  
  26  2:42  SCV  
  27  2:53  Hellion  
  27  2:54  SCV  
  27  2:55  Starport  
  30  2:59  Orbital Command  
  30  3:06  SCV  
  30  3:12  Marine x2  
  33  3:18  SCV  
  33  3:19  Factory Tech Lab  
  34  3:22  Refinery  
  34  3:23  Supply Depot  
  34  3:24  SCV  
  35  3:29  Marine  
  35  3:30  Marine  
  35  3:32  SCV  
  38  3:35  Starport Tech Lab  
  38  3:37  SCV  
  38  3:41  Cyclone  
  42  3:47  SCV  
  45  3:49  SCV  
  45  3:54  Raven  
  45  3:59  SCV  
  45  4:01  SCV  
  47  4:09  Command Center  
  47  4:13  SCV x2, Supply Depot  
  49  4:19  Siege Tank  
  52  4:25  SCV, Refinery  
  52  4:26  SCV  
  54  4:36  Supply Depot  
  54  4:37  Raven  
  54  4:38  SCV x2  
  60  4:50  SCV  
  60  4:53  Siege Tank  
  60  4:54  Supply Depot  
  60  4:57  SCV  
  60  4:59  Marine  
  64  5:01  Marine, Barracks  
  64  5:02  Barracks  
  64  5:03  SCV  
  66  5:09  SCV  
  67  5:15  SCV  
  67  5:18  Engineering Bay x2  
  68  5:21  SCV  
  68  5:23  Orbital Command  
  68  5:27  SCV  
  68  5:28  Siege Tank  
  73  5:34  Viking x2  
  77  5:38  Stimpack, Marine  
  78  5:45  Terran Infantry Armor Level 1  
  78  5:47  Terran Infantry Weapons Level 1  
  78  5:50  Barracks Reactor  
  78  5:53  SCV x3, Barracks Reactor  
  79  5:57  Marine  
  79  5:58  Supply Depot  
  80  6:04  Viking x2  
  80  6:05  Orbital Command  
  80  6:08  SCV x2  
  86  6:15  Siege Tank  
  86  6:16  Marine  
  90  6:20  SCV x2  
  92  6:29  Bunker  
  92  6:31  SCV  
  94  6:32  SCV  
  94  6:33  SCV, Marine x3  
  94  6:34  Marine x2  
  100  6:40  Supply Depot  
  100  6:41  Supply Depot  
  100  6:43  SCV  
  100  6:45  SCV x2, Viking  
  105  6:48  Viking  
  105  6:51  Marine  
  108  6:55  SCV  
  108  6:57  Armory  
  109  7:02  SCV x2  
  109  7:04  Barracks, Siege Tank  
  109  7:05  Barracks  
  109  7:07  Refinery  
  114  7:09  SCV  
  114  7:10  Refinery  
  114  7:14  SCV, Supply Depot  
  115  7:20  SCV  
  115  7:21  SCV  
  113  7:23  Marine x2  
  113  7:25  Marine x2  
  113  7:26  SCV  
  97  7:31  Marine  
  97  7:32  SCV  
  97  7:33  SCV  
  97  7:35  Medivac x2  
  102  7:38  SCV  
  102  7:41  Marine x2  
  102  7:43  Supply Depot  
  102  7:44  Marine x2  
  100  7:45  SCV x2  
  100  7:49  Marine  
  100  7:50  SCV  
  104  7:54  Terran Infantry Weapons Level 2  
  102  7:58  SCV  
  102  7:59  SCV  
  102  8:00  Barracks Reactor  
  102  8:01  Barracks Reactor, Combat Shield  
  102  8:02  Marine x3  
  102  8:03  SCV  
  108  8:06  Supply Depot  
  108  8:07  Marine x2  
  108  8:12  SCV x2  
  110  8:15  SCV  
  109  8:20  Marine x3  
  109  8:24  SCV x2  
  109  8:25  Marine x2  
  115  8:27  Medivac x2  
  115  8:33  Siege Tank  
  122  8:37  Supply Depot, Marine  
  122  8:38  Terran Infantry Armor Level 2, Marine x2  
  125  8:41  Missile Turret  
  125  8:42  Marine  
  125  8:43  Marine  
  125  8:45  Missile Turret, Marine x4  
  125  8:47  Sensor Tower  
  131  8:53  Terran Vehicle Weapons Level 1  
  131  8:55  Marine x3  
  131  8:57  Supply Depot  
  131  9:00  Supply Depot, Marine x2  
  136  9:03  Marine x4  
  136  9:07  Medivac  
  136  9:08  Medivac  
  144  9:10  Siege Tank  
  144  9:13  Marine x3  
  150  9:18  Marine  
  150  9:21  Marine x4  
  154  9:26  Command Center  
  154  9:29  Factory  
  154  9:31  Marine x3  
  153  9:35  Barracks Reactor  
  153  9:36  Marine  
  157  9:38  Marine  
  157  9:39  Medivac x2, Marine x3  
  157  9:42  Supply Depot, Siege Tank  
  168  9:47  Supply Depot  
  168  9:49  Marine x3  
  169  9:54  Marine  
  169  9:56  Marine x4  
  172  10:06  Marine  
  172  10:07  Marine  
  173  10:09  Viking x2  
  178  10:17  Marine x2  
  178  10:18  Marine x3  
  178  10:19  Marine x2  
  178  10:20  Marine  
  178  10:21  Siege Tank  
  183  10:24  Marine x2  
  184  10:35  Marine x3  
  174  10:36  Marine x2  
  174  10:37  Marine x3  
  174  10:42  Marine x2  
  142  10:48  Medivac x2  
  142  10:49  Siege Tank  
  144  10:53  Marine x4, Siege Tank  
  144  10:54  Marine  
  144  10:55  Marine x2  
  154  11:06  Barracks  
  154  11:07  Barracks x2  
  154  11:10  Marine  
  157  11:16  Marine  
  157  11:17  Marine  
  157  11:19  Marine  
  157  11:24  Marine  
  157  11:25  Marine x2  
  164  11:28  Marine  
  164  11:29  Marine  

Tags
 
Add a new tag
Caveats
  • Supply blocks, unpowered buildings, or Contaminate may cause inaccurate times.
  • Supply counts are checked every 10 seconds.